[Event "Team 45 45 League T47"]
[Site "Internet Chess Club"]
[Date "2010.11.25"]
[Round "4"]
[White "chess92192"]
[Black "Hathor"]
[Result "1/2-1/2"]
[WhiteElo "2033"]
[BlackElo "1966"]
[Opening "QGD Slav: 4.Nc3"]
[ECO "D15"]
[Time "15:00:24"]
[TimeControl "2700+45"]

1. d4 d5 2. c4 c6 3. Nf3 Nf6 4. Nc3 Bf5 5. e3 e6 6. Be2 Bd6 7. O-O Nbd7 8. b3
O-O 9. Bb2 Ne4 10. Ne1 Qh4 11. g3 Qh3 12. Bf3 Ndf6 13. Bg2 Qh6 14. Nf3 Bh3 15.
Qe2 Ng4 16. Nh4 Bxg2 17. Kxg2 f5 18. f4 g5 19. Nf3 Rf7 20. c5 Bc7 21. b4 a6 22.
a4 Rg7 23. fxg5 Nxg5 24. Nh4 Ne4 25. Rf3 Qxh4 26. gxh4 Nxh2+ 27. Kh1 Nxf3 28.
Qxf3 Ng3+ 29. Kg2 Ne4+ 30. Kh1 Ng3+ 31. Kg2 Ne4+ 32. Kh1 {Game drawn by
repetition} 1/2-1/2

[Event "Team 45 45 League T47"]
[Site "Internet Chess Club"]
[Date "2010.11.24"]
[Round "4"]
[White "gerailen0075"]
[Black "RamRock"]
[Result "1/2-1/2"]
[WhiteElo "1794"]
[BlackElo "1847"]
[Opening "Caro-Kann: exchange, Rubinstein variation"]
[ECO "B13"]
[Time "20:02:09"]
[TimeControl "2700+45"]

1. e4 c6 2. d4 d5 3. exd5 cxd5 4. Bd3 Nc6 5. c3 Nf6 6. Bf4 e6 7. Nf3 Be7 8. O-O
O-O 9. Nbd2 Bd6 10. Bg5 h6 11. Bh4 Be7 12. Qe2 Nh5 13. Bg3 Nxg3 14. fxg3 a6 15.
Rae1 Qc7 16. Bb1 Bd7 17. Rc1 b5 18. Qd3 g6 19. Nh4 Bxh4 20. gxh4 e5 21. Qg3 Rac8
22. Rf6 e4 23. Nxe4 dxe4 24. Rxg6+ Kh7 25. Rxh6+ Kxh6 26. Qg5+ Kh7 27. Qh5+ Kg7
28. Qg5+ Kh7 29. Qh5+ Kg7 30. Qg5+ Kh7 {Game drawn by repetition} 1/2-1/2

[Event "Team 45 45 League T47"]
[Site "Internet Chess Club"]
[Date "2010.11.30"]
[Round "4"]
[White "RD1974"]
[Black "Pablito15"]
[Result "0-1"]
[WhiteElo "1763"]
[BlackElo "1577"]
[Opening "Réti opening"]
[ECO "A05"]
[Time "18:01:52"]
[TimeControl "2700+45"]

1. Nf3 Nf6 2. g3 c6 3. Bg2 d5 4. O-O Nbd7 5. d3 e5 6. Nbd2 Bc5 7. e4 Qc7 8. Qe2
O-O 9. a4 Re8 10. a5 Nf8 11. Nb3 Bd6 12. h3 N6d7 13. Nh4 Nc5 14. Nxc5 Bxc5 15.
exd5 cxd5 16. Kh2 Be6 17. Nf3 Ng6 18. c3 e4 19. Ng5 Bd7 20. dxe4 h6 21. Nf3 Rxe4
22. Qd1 Bb5 23. Nd4 Bxf1 24. Bxe4 dxe4 25. Qxf1 Bxd4 26. cxd4 Nh4 27. Qe2 Nf3+
28. Kg2 Qc6 29. Be3 Rd8 30. Rc1 Nxd4 31. Rxc6 Nxe2 32. Rc7 Nd4 33. Rxb7 Nf3 34.
Re7 f5 35. g4 Rd1 36. Kg3 g5 37. h4 Rg1+ 38. Kh3 fxg4# {White checkmated} 0-1

[Event "Team 45 45 League T47"]
[Site "Internet Chess Club"]
[Date "2010.12.04"]
[Round "4"]
[White "Nakke"]
[Black "civilization"]
[Result "1-0"]
[WhiteElo "1853"]
[BlackElo "1704"]
[Opening "Mieses opening"]
[ECO "A00"]
[Time "14:33:11"]
[TimeControl "2700+45"]

1. d3 d5 2. e4 dxe4 3. dxe4 Qxd1+ 4. Kxd1 Nf6 5. f3 e5 6. Be3 Nc6 7. c3 Be7 8.
Nd2 O-O 9. Kc2 Rd8 10. Ne2 Be6 11. g4 Ne8 12. Ng3 g6 13. h4 a6 14. h5 Nd6 15.
hxg6 fxg6 16. Be2 Rf8 17. Rag1 Rf7 18. Nf5 gxf5 19. gxf5+ Rg7 20. fxe6 Rxg1 21.
Rxg1+ Kh8 22. f4 exf4 23. Bxf4 Rg8 24. Rxg8+ Kxg8 25. Kd3 Kg7 26. e5 Nc8 27. Ke4
h6 28. Nf3 Kg6 29. Nd4 N8a7 30. Nf5 h5 31. Ng3 h4 32. Bh5+ Kg7 33. Nf5+ Kf8 34.
Bf7 Nd8 35. Bh6# {Black checkmated} 1-0

[Event "Team 45 45 League T47"]
[Site "Internet Chess Club"]
[Date "2010.11.30"]
[Round "4"]
[White "Qxa5"]
[Black "slipkid"]
[Result "0-1"]
[WhiteElo "1433"]
[BlackElo "1641"]
[Opening "Ruy Lopez: four knights (Tarrasch) variation"]
[ECO "C48"]
[Time "14:03:35"]
[TimeControl "2700+45"]

1. e4 e5 2. Nf3 Nc6 3. Bb5 Nf6 4. Nc3 a6 5. Ba4 b5 6. Bb3 Be7 7. a3 O-O 8. d3 d6
9. Bg5 Bd7 10. O-O Bg4 11. Nb1 Nd4 12. Nbd2 Nd7 13. Bxe7 Qxe7 14. Ba2 Nxf3+ 15.
Nxf3 Qf6 16. c4 bxc4 17. Bxc4 a5 18. Rc1 Rab8 19. b3 Nc5 20. a4 Bxf3 21. gxf3 c6
22. Kh1 Rb6 23. Rg1 Rfb8 24. Rb1 Nxa4 25. Qd2 Qxf3+ 26. Rg2 d5 27. exd5 cxd5 28.
Qxa5 dxc4 29. Qxa4 Rxb3 30. Rxb3 cxb3 31. Qe4 Qxe4 32. dxe4 b2 33. Rg1 b1=Q
{White resigns} 0-1

[Event "Team 45 45 League T47"]
[Site "Internet Chess Club"]
[Date "2010.11.28"]
[Round "4"]
[White "allanchs"]
[Black "Oscar"]
[Result "0-1"]
[WhiteElo "1502"]
[BlackElo "1489"]
[Opening "Sicilian defense"]
[ECO "B32"]
[Time "16:00:42"]
[TimeControl "2700+45"]

1. e4 c5 2. Nf3 Nc6 3. d4 cxd4 4. Nxd4 a6 5. Nc3 Nf6 6. Bg5 e5 7. Nb3 Be7 8. Qd2
O-O 9. Be2 d6 10. O-O-O Ne8 11. Bxe7 Nxe7 12. h4 Be6 13. Nc5 Qc8 14. Nxe6 Qxe6
15. Nd5 Rc8 16. Bg4 f5 17. Nxe7+ Qxe7 18. Bxf5 Rc6 19. Bg4 Nf6 20. Bf3 Rfc8 21.
c3 b5 22. Kb1 a5 23. Rc1 Kf8 24. Rhd1 Rd8 25. Qe2 Rc5 26. c4 b4 27. Qd2 Qc7 28.
Qd3 Qb6 29. Be2 a4 30. Qe3 b3 31. a3 Qc7 32. f4 exf4 33. Qxf4 Qe7 34. Bd3 Kg8
35. g4 Rf8 36. g5 Nd7 37. Qg3 Ne5 38. Be2 Qe6 39. Rd5 Rxd5 40. cxd5 Qd7 41. Qe3
Rc8 42. Rxc8+ Qxc8 43. Qc3 Qd7 44. Qb4 Ng6 45. Qb8+ Nf8 46. e5 Qf5+ 47. Ka1 Qc2
{White resigns} 0-1

[Event "Team 45 45 League T47"]
[Site "Internet Chess Club"]
[Date "2010.11.30"]
[Round "4"]
[White "Gilguli"]
[Black "LazyPeon"]
[Result "0-1"]
[WhiteElo "1416"]
[BlackElo "1671"]
[Opening "QGD semi-Slav"]
[ECO "D43"]
[Time "13:30:25"]
[TimeControl "2700+45"]

1. d4 d5 2. Nf3 c6 3. c4 Nf6 4. Nc3 e6 5. Bg5 h6 6. Bh4 dxc4 7. e4 g5 8. Bg3 b5
9. b3 Bb4 10. Qc2 Bb7 11. Nd2 Qxd4 12. Ne2 Qxa1+ 13. Nc1 Nxe4 14. Qxe4 Qxc1+ 15.
Ke2 Qxd2+ 16. Kf3 Qd5 17. Qxd5 cxd5 18. Be5 {White resigns} 0-1

[Event "Team 45 45 League T47"]
[Site "Internet Chess Club"]
[Date "2010.11.26"]
[Round "4"]
[White "micky1943"]
[Black "shamos1"]
[Result "1-0"]
[WhiteElo "1826"]
[BlackElo "1392"]
[Opening "Sicilian: Grand Prix attack"]
[ECO "B23"]
[Time "11:03:34"]
[TimeControl "2700+45"]

1. e4 c5 2. Nc3 Nc6 3. f4 d6 4. Nf3 e6 5. Bb5 Bd7 6. O-O a6 7. Bxc6 Bxc6 8. f5
Nf6 9. fxe6 fxe6 10. d4 Nxe4 11. Nxe4 Bxe4 12. Ng5 Bg6 13. Nxe6 cxd4 14. Nxd8
{Black resigns} 1-0

[Event "Team 45 45 League T47"]
[Site "Internet Chess Club"]
[Date "2010.11.26"]
[Round "4"]
[White "arconia"]
[Black "rookmaster23"]
[Result "1-0"]
[WhiteElo "1366"]
[BlackElo "1533"]
[Opening "Sicilian"]
[ECO "B50"]
[Time "20:00:19"]
[TimeControl "2700+45"]

1. e4 c5 2. Nf3 d6 3. Be2 Nc6 4. O-O Nf6 5. d3 e5 6. h3 Be7 7. Nh2 Nd4 8. Nd2
Be6 9. Ndf3 Rc8 10. Nxd4 cxd4 11. f4 Qc7 12. f5 Bd7 13. Bg5 h6 14. Bh4 Qxc2 15.
Qe1 Qa4 16. Bxf6 Bxf6 17. Bh5 Qb5 18. Qg3 Rf8 19. Ng4 Bg5 20. Nh2 Bf6 21. h4 Qb6
22. Ng4 Qd8 23. Nxf6+ Qxf6 24. Rf2 a5 25. Raf1 Bb5 26. Qh3 a4 27. a3 Qd8 28. f6
g6 29. Bxg6 fxg6 30. Qe6+ {Black resigns} 1-0

[Event "Team 45 45 League T47"]
[Site "Internet Chess Club"]
[Date "2010.11.30"]
[Round "4"]
[White "Rapidcitychess"]
[Black "eyalki"]
[Result "1/2-1/2"]
[WhiteElo "1561"]
[BlackElo "1309"]
[Opening "Queen's gambit declined"]
[ECO "D30"]
[Time "14:30:32"]
[TimeControl "2700+45"]

1. d4 d5 2. c4 e6 3. Nf3 Nf6 4. g3 Nc6 5. b3 Bb4+ 6. Bd2 Bxd2+ 7. Nbxd2 O-O 8.
Bg2 Re8 9. O-O e5 10. dxe5 Nxe5 11. Nxe5 Rxe5 12. Nf3 Re8 13. cxd5 Nxd5 14. Qd2
h6 15. Rfd1 c6 16. Nh4 Be6 17. Qb2 Qf6 18. Qxf6 Nxf6 19. Rd2 Rad8 20. Rad1 Rxd2
21. Rxd2 Bd5 22. Bf3 g5 23. Bxd5 Nxd5 24. Nf3 Nc3 25. e3 f5 26. Rd7 a5 27. Rxb7
Nxa2 28. Ra7 Nc1 29. Rxa5 Nxb3 30. Ra3 Rb8 31. Nd4 Nxd4 32. exd4 Rd8 33. Rc3
Rxd4 34. Rxc6 Kg7 35. Kg2 Re4 36. Ra6 h5 37. Ra7+ Kf6 38. Rh7 Kg6 39. Ra7 {Game
drawn by mutual agreement} 1/2-1/2

[Event "Team 45 45 League T47"]
[Site "Internet Chess Club"]
[Date "2010.11.28"]
[Round "4"]
[White "Geeloo"]
[Black "TonyRo"]
[Result "0-1"]
[WhiteElo "2088"]
[BlackElo "2287"]
[Opening "Sicilian: Labourdonnais-Löwenthal (Kalashnikov) variation"]
[ECO "B32"]
[Time "10:03:09"]
[TimeControl "2700+45"]

1. e4 c5 2. Nf3 Nc6 3. d4 cxd4 4. Nxd4 e5 5. Nb5 d6 6. N1c3 a6 7. Na3 Be7 8. Nd5
Nf6 9. Nxf6+ Bxf6 10. Nc4 O-O 11. Be3 Nd4 12. c3 b5 13. Nd2 Ne6 14. Be2 Bg5 15.
Bxg5 Qxg5 16. g3 Bb7 17. Bf3 f5 18. exf5 Qxf5 19. Qb3 Bxf3 20. Nxf3 Kh8 21. Nd2
Qxf2+ 22. Kd1 Nc5 23. Qd5 e4 24. Rf1 Qxh2 25. Rxf8+ Rxf8 26. Qxd6 Rc8 27. b4
Qg1+ 28. Ke2 Qg2+ 29. Ke3 Na4 30. c4 Nc3 31. Rf1 Qe2+ 32. Kf4 e3 33. Kg5 h6+ 34.
Kh4 exd2 35. Rf8+ Kh7 36. Rxc8 d1=Q 37. Rh8+ Kxh8 38. Qf8+ Kh7 39. Qf5+ Kg8 40.
Qc8+ Kf7 41. Qf5+ Ke7 42. Qc5+ Qd6 43. Qa7+ Kf6 44. Qf7+ Kxf7 45. c5 Qf6+ {White
resigns} 0-1

[Event "Team 45 45 League T47"]
[Site "Internet Chess Club"]
[Date "2010.11.25"]
[Round "4"]
[White "OpenMind"]
[Black "spunni"]
[Result "1/2-1/2"]
[WhiteElo "1955"]
[BlackElo "1811"]
[Opening "Four knights game"]
[ECO "C47"]
[Time "13:31:41"]
[TimeControl "2700+45"]

1. e4 e5 2. Nf3 Nc6 3. Nc3 Nf6 4. g3 Bb4 5. Bg2 Bxc3 6. dxc3 Nxe4 7. Nxe5 Nxe5
8. Bxe4 d6 9. O-O O-O 10. Bf4 Qf6 11. Qh5 h6 12. Bxe5 Qxe5 13. Qf3 c6 14. Rfe1
Qg5 15. h4 Qg4 16. Qd3 Be6 17. Qxd6 Rad8 18. Qf4 Qxf4 19. gxf4 Bg4 20. Bd3 Rfe8
21. Re3 Kf8 22. Rae1 Re6 23. f3 Rxe3 24. Rxe3 Bh5 25. Kf2 f6 {Game drawn by
mutual agreement} 1/2-1/2

[Event "Team 45 45 League T47"]
[Site "Internet Chess Club"]
[Date "2010.11.28"]
[Round "4"]
[White "perikitosax"]
[Black "Kodos"]
[Result "0-1"]
[WhiteElo "1926"]
[BlackElo "1976"]
[Opening "QGD: Tarrasch defense"]
[ECO "D32"]
[Time "12:34:51"]
[TimeControl "2700+45"]

1. d4 d5 2. Nf3 c5 3. c4 e6 4. cxd5 exd5 5. Nc3 Nc6 6. Bf4 Nf6 7. e3 Be7 8. Be2
O-O 9. O-O Be6 10. dxc5 Bxc5 11. Rc1 Be7 12. Nd4 Rc8 13. Bd3 Nxd4 14. exd4 Qa5
15. Qf3 Nd7 16. Rce1 Bf6 17. Rxe6 fxe6 18. Qh5 g6 19. Bxg6 hxg6 20. Qxg6+ Bg7
21. Bh6 Rf7 22. Bxg7 Rxg7 23. Qxe6+ Kh8 24. Re1 Qd8 25. Re3 Nf6 26. Rf3 Qe8 27.
Rxf6 Qxe6 28. Rxe6 Rg4 29. Kf1 Rxd4 30. Ke2 Rb4 31. Nxd5 Rxb2+ 32. Ke3 Rxa2 33.
Re7 Ra3+ 34. Kd4 Rd8 35. Ke5 Ra5 {White resigns} 0-1

[Event "Team 45 45 League T47"]
[Site "Internet Chess Club"]
[Date "2010.11.29"]
[Round "4"]
[White "fledermaus"]
[Black "Boromir"]
[Result "1-0"]
[WhiteElo "1961"]
[BlackElo "1971"]
[Opening "Sicilian: Nimzovich-Rossolimo attack (with ...g6, without ...d6)"]
[ECO "B31"]
[Time "16:00:46"]
[TimeControl "2700+45"]

1. e4 c5 2. Nf3 Nc6 3. Bb5 g6 4. Bxc6 bxc6 5. O-O Bg7 6. Re1 d6 7. h3 e6 8. c3
Ne7 9. d4 cxd4 10. cxd4 O-O 11. Nc3 Qb6 12. Na4 Qb5 13. Nc3 Qb6 14. Na4 Qa5 15.
Bd2 Qb5 16. Rb1 a5 17. Nc3 Qb6 18. Bg5 Re8 19. Qd2 Ba6 20. Rbd1 Rab8 21. b3 d5
22. Qf4 dxe4 23. Nxe4 Nd5 24. Qh4 Qc7 25. Bh6 Rbd8 26. Nfg5 Qf4 27. g4 Bf6 28.
Nxf6+ Qxf6 29. Bf8 Qh8 30. Ba3 Bc8 31. Ne4 Rd7 32. Bd6 {Black resigns} 1-0

[Event "Team 45 45 League T47"]
[Site "Internet Chess Club"]
[Date "2010.11.27"]
[Round "4"]
[White "Oneflewover"]
[Black "jonesey"]
[Result "0-1"]
[WhiteElo "1918"]
[BlackElo "1958"]
[Opening "Sicilian defense"]
[ECO "B20"]
[Time "07:17:11"]
[TimeControl "2700+45"]

1. e4 c5 2. b3 Nc6 3. Bb2 d6 4. f4 Nf6 5. Bxf6 gxf6 6. Bc4 h5 7. Nf3 Bg4 8. c3
Bh6 9. h3 Be6 10. Bxe6 fxe6 11. O-O Bxf4 12. Nh4 Bg3 13. Ng6 Rh6 14. Nf4 Bxf4
15. Rxf4 Kf7 16. Na3 Qg8 17. Nc4 Qg5 18. Qf1 Rg8 19. h4 Qg7 20. Ne3 Ne5 21. d4
Qg3 22. Nf5 exf5 23. dxe5 dxe5 24. Rxf5 Rhg6 25. Rxh5 Qe3+ 26. Kh1 Rxg2 27. Rh7+
Kf8 28. Qf5 Rg1+ {White resigns} 0-1

[Event "Team 45 45 League T47"]
[Site "Internet Chess Club"]
[Date "2010.11.27"]
[Round "4"]
[White "fishhead"]
[Black "alexping"]
[Result "1/2-1/2"]
[WhiteElo "1824"]
[BlackElo "1975"]
[Opening "French: Tarrasch, open variation"]
[ECO "C07"]
[Time "12:07:43"]
[TimeControl "2700+45"]

1. e4 e6 2. d4 d5 3. Nd2 c5 4. c3 Nc6 5. Bb5 Qb6 6. Qe2 dxe4 7. dxc5 Bxc5 8.
Nxe4 Be7 9. Be3 Qc7 10. Nf3 a6 11. Bd3 Nf6 12. O-O Nd5 13. Rad1 Nxe3 14. Qxe3 b5
15. Rfe1 e5 16. Ng3 f6 17. Be4 Bb7 18. Nf5 g6 19. Nxe7 Nxe7 20. Bxb7 Qxb7 21.
Rd6 O-O 22. Qd2 Nf5 23. Rd7 Qc6 24. Rd1 Rf7 25. Rxf7 Kxf7 26. Qd7+ Qxd7 27.
Rxd7+ Ne7 28. Kf1 Ke6 29. Rb7 Rd8 30. Ke2 h5 31. Nd2 Nd5 32. g3 Rd7 33. Rb8 f5
34. Nf3 Rd6 35. Re8+ Ne7 36. Nxe5 Kxe5 37. Rxe7+ Kf6 38. Re8 g5 39. f4 gxf4 40.
gxf4 Rc6 41. Rh8 Kg6 42. Rg8+ Kf6 43. Rg5 Rc4 44. Ke3 b4 45. cxb4 Rxb4 46. b3 a5
47. Rxh5 a4 48. Rh6+ Kg7 49. Rh4 axb3 50. axb3 Rxb3+ 51. Kd4 Kg6 52. Rh8 Rb4+
53. Ke3 Rb3+ 54. Kf2 Rb2+ 55. Kg3 Rb3+ {Game drawn by mutual agreement} 1/2-1/2

[Event "Team 45 45 League T47"]
[Site "Internet Chess Club"]
[Date "2010.11.28"]
[Round "4"]
[White "trickey1872"]
[Black "tryanything"]
[Result "1-0"]
[WhiteElo "1559"]
[BlackElo "1568"]
[Opening "English opening"]
[ECO "A21"]
[Time "17:50:40"]
[TimeControl "2700+45"]

1. c4 e5 2. Nc3 g6 3. Nf3 Bg7 4. d3 Nc6 5. e4 d6 6. Be2 Nf6 7. O-O O-O 8. Be3 b6
9. d4 exd4 10. Nxd4 Nxd4 11. Bxd4 Bb7 12. f3 Qe7 13. Rb1 Rfe8 14. Nd5 Nxd5 15.
cxd5 Bxd4+ 16. Qxd4 Qe5 17. Rfd1 f5 18. Rbc1 Rac8 19. Bb5 Re7 20. Qxe5 Rxe5 21.
Bd7 Rd8 22. Be6+ Rxe6 23. dxe6 fxe4 24. Rxc7 Bc8 25. e7 Re8 26. fxe4 {Black
resigns} 1-0

[Event "Team 45 45 League T47"]
[Site "Internet Chess Club"]
[Date "2010.11.25"]
[Round "4"]
[White "smsxman"]
[Black "Oscar"]
[Result "1/2-1/2"]
[WhiteElo "1334"]
[BlackElo "1471"]
[Opening "Sicilian defense"]
[ECO "B30"]
[Time "22:33:41"]
[TimeControl "2700+45"]

1. e4 c5 2. Nf3 Nc6 3. Bc4 e6 4. Nc3 Nf6 5. O-O Nxe4 6. Nxe4 d5 7. Bxd5 exd5 8.
Nc3 Be7 9. d4 O-O 10. dxc5 d4 11. Ne2 Bxc5 12. a3 a6 13. b4 Ba7 14. Bb2 Bg4 15.
Qd3 Bxf3 16. Qxf3 Qb6 17. Rad1 Rad8 18. Qg3 Rfe8 19. Qg4 Re6 20. c4 Rg6 21. Qh3
Rh6 22. Qg4 Rg6 23. Qh3 Rh6 24. Qg4 Rg6 25. Qh3 Rh6 {Game drawn by repetition}
1/2-1/2

[Event "Team 45 45 League T47"]
[Site "Internet Chess Club"]
[Date "2010.11.28"]
[Round "4"]
[White "DrOMM"]
[Black "Skylab"]
[Result "1-0"]
[WhiteElo "1372"]
[BlackElo "1266"]
[Opening "Queen's pawn: stonewall attack"]
[ECO "A45"]
[Time "15:00:21"]
[TimeControl "2700+45"]

1. d4 Nf6 2. e3 d5 3. Bd3 c5 4. c3 c4 5. Bc2 Bg4 6. f3 Bh5 7. Nh3 e6 8. Nf4 Bg6
9. Nxg6 hxg6 10. h3 Bd6 11. f4 Ne4 12. Bxe4 dxe4 13. Nd2 Qh4+ 14. Kf1 g5 15.
Nxe4 Be7 16. Nxg5 Bxg5 17. fxg5 Qxg5 18. e4 Qf6+ 19. Kg1 Nd7 20. e5 Qg6 21. Qf3
Ke7 22. Qxb7 Rad8 23. Qxa7 Qg3 24. Qb7 Qe1+ 25. Kh2 Qh4 26. Qf3 Nxe5 27. dxe5
Rd3 28. Be3 Rhd8 29. Rhf1 f6 30. exf6+ gxf6 31. Rad1 Rxe3 32. Qxe3 Rd3 33. Rxd3
cxd3 34. Qxd3 f5 35. c4 f4 36. c5 Qh8 37. Qc3 Qb8 38. Kh1 Qc7 39. b4 e5 40. b5
e4 41. Qg7+ Kd8 42. Qxc7+ {Black resigns} 1-0

[Event "Team 45 45 League T47"]
[Site "Internet Chess Club"]
[Date "2010.11.29"]
[Round "4"]
[White "j316chuck"]
[Black "GadsHill"]
[Result "1-0"]
[WhiteElo "1667"]
[BlackElo "1513"]
[Opening "Ruy Lopez: closed"]
[ECO "C90"]
[Time "20:05:21"]
[TimeControl "2700+45"]

1. e4 e5 2. Nf3 Nc6 3. Bb5 a6 4. Ba4 Nf6 5. O-O Be7 6. Re1 b5 7. Bb3 d6 8. h3
O-O 9. d3 Na5 10. Bd2 Nxb3 11. axb3 c5 12. Na3 Bb7 13. b4 cxb4 14. Bxb4 Rc8 15.
c4 Qb6 16. cxb5 axb5 17. Nc2 Rfd8 18. Ba5 Qc6 19. Bxd8 Bxd8 20. Ne3 Bb6 21. Rc1
Qd7 22. Rxc8+ Qxc8 23. Nf5 Qc5 24. Re2 g6 25. Ne3 Nh5 26. Qc2 Nf4 27. Qxc5 Bxc5
28. Rd2 Ne6 29. Nc2 Bb6 30. Na3 Bc6 31. Rc2 Bd7 32. Kf1 Nf4 33. Ne1 Kf8 34. h4
h5 35. g3 Ne6 36. Nf3 Nd4 37. Nxd4 Bxd4 38. b3 b4 39. Nc4 Ke7 40. Ne3 Bb5 41.
Ke2 Bc5 42. Nd5+ Ke6 43. Nc7+ {Black resigns} 1-0

[Event "Team 45 45 League T47"]
[Site "Internet Chess Club"]
[Date "2010.11.26"]
[Round "4"]
[White "sdcohle"]
[Black "kid6988"]
[Result "1-0"]
[WhiteElo "1449"]
[BlackElo "1512"]
[Opening "Ruy Lopez: exchange variation, 5.O-O"]
[ECO "C68"]
[Time "22:30:37"]
[TimeControl "2700+45"]

1. e4 e5 2. Nf3 Nc6 3. Bb5 a6 4. Bxc6 dxc6 5. O-O Nf6 6. d3 Bd6 7. Nc3 Bg4 8. h3
Be6 9. Re1 Qd7 10. Ng5 O-O 11. Nxe6 fxe6 12. Be3 b6 13. Ne2 Bc5 14. Bxc5 bxc5
15. b3 Qf7 16. Rf1 Rad8 17. Qd2 Nxe4 18. Qe3 Nf6 19. Qxc5 Qh5 20. f3 Rd6 21. Qa5
Nd5 22. c4 Ne3 23. Rf2 Qg6 24. Qxe5 Rxf3 25. Nf4 Qg3 26. Rxf3 {Black resigns}
1-0

[Event "Team 45 45 League T47"]
[Site "Internet Chess Club"]
[Date "2010.11.28"]
[Round "4"]
[White "dabodhi"]
[Black "kingsleywang"]
[Result "1-0"]
[WhiteElo "1150"]
[BlackElo "1250"]
[Opening "Scotch gambit"]
[ECO "C44"]
[Time "13:00:15"]
[TimeControl "2700+45"]

1. e4 e5 2. Nf3 Nc6 3. d4 exd4 4. Bc4 Bc5 5. c3 dxc3 6. Bxf7+ Kxf7 7. Qd5+ Ke8
8. Qxc5 cxb2 9. Bxb2 d6 10. Qh5+ Kf8 11. Ng5 h6 12. Qf7# {Black checkmated} 1-0

[Event "Team 45 45 League T47"]
[Site "Internet Chess Club"]
[Date "2010.11.28"]
[Round "4"]
[White "BotanicalKnight"]
[Black "rahulr"]
[Result "0-1"]
[WhiteElo "1584"]
[BlackElo "1591"]
[Opening "Alekhine's defense: Scandinavian variation"]
[ECO "B02"]
[Time "19:02:33"]
[TimeControl "2700+45"]

1. e4 Nf6 2. Nc3 d5 3. e5 Nfd7 4. f4 e6 5. g3 Nc6 6. Nf3 Nb6 7. d3 Bb4 8. a3 Be7
9. Bg2 d4 10. Ne4 Nd5 11. Qe2 b6 12. Qf2 Ne3 13. Bxe3 dxe3 14. Qxe3 Bb7 15. h3
Qd7 16. g4 O-O-O 17. O-O-O h6 18. h4 Qd5 19. Nc3 Qa5 20. Nd2 Bc5 21. Qe4 Rd4 22.
Qf3 Bxa3 23. Nb3 Qxc3 24. bxa3 Na5 25. Qf2 Nxb3+ 26. Kb1 Qa1# {White checkmated}
0-1

[Event "Team 45 45 League T47"]
[Site "Internet Chess Club"]
[Date "2010.11.27"]
[Round "4"]
[White "houseofcook"]
[Black "JohLeb"]
[Result "0-1"]
[WhiteElo "1390"]
[BlackElo "1327"]
[Opening "Sicilian: closed"]
[ECO "B23"]
[Time "15:05:24"]
[TimeControl "2700+45"]

1. e4 c5 2. Nc3 d6 3. f4 Nc6 4. Bb5 a6 5. Bxc6+ bxc6 6. Nf3 e6 7. O-O Nf6 8. d3
g6 9. Qe1 Bg7 10. e5 dxe5 11. fxe5 Nd5 12. Ng5 O-O 13. Nh3 Nb4 14. Qe2 Qd4+ 15.
Kh1 Qxe5 16. Ne4 f5 17. Bf4 Qxb2 18. Neg5 Qxc2 19. Qxc2 Nxc2 20. Rac1 Nd4 21.
Rxc5 Bd7 22. Be5 Bxe5 23. Rxe5 h6 24. Nf3 Nxf3 25. Rxf3 Rab8 26. Re1 Rb2 27. Rf2
Rxf2 28. Nxf2 Rb8 29. Nh3 g5 30. Ng1 Rb2 31. Re2 Rxe2 32. Nxe2 c5 33. Nc1 Bb5
34. Kg1 e5 35. Kf2 c4 36. dxc4 Bxc4 37. Ke3 Kf7 38. Kd2 Ke6 39. Kc3 Kd5 40. Kb4
e4 41. Kc3 f4 42. a3 g4 43. Kd2 Kd4 44. Ne2+ Bxe2 45. Kxe2 f3+ 46. gxf3 gxf3+
47. Kf2 Kd3 48. h3 Kd2 {White resigns} 0-1

[Event "Team 45 45 League T47"]
[Site "Internet Chess Club"]
[Date "2010.11.30"]
[Round "4"]
[White "Burbia"]
[Black "blizzard13"]
[Result "0-1"]
[WhiteElo "1386"]
[BlackElo "1468"]
[Opening "Ruy Lopez: Schliemann defense, Berger variation"]
[ECO "C63"]
[Time "11:00:24"]
[TimeControl "2700+45"]

1. e4 e5 2. Nf3 Nc6 3. Bb5 f5 4. Nc3 fxe4 5. Nxe4 Nf6 6. Nxf6+ gxf6 7. Qe2 Bg7
8. b3 O-O 9. d3 a6 10. Bc4+ d5 11. d4 dxc4 12. Qxc4+ Kh8 13. O-O Nxd4 14. Nxd4
exd4 15. Rd1 Qe7 16. a4 Re8 17. Bb2 Be6 18. Qd3 c5 19. Re1 Qd6 20. Re2 Re7 21.
Rae1 Rae8 22. Re4 f5 23. Rh4 Bf6 24. Rh6 Bf7 25. Rf1 Re1 26. Qxf5 Bg6 27. Qg4
Rxf1+ 28. Kxf1 Rg8 29. Bc1 {White resigns} 0-1

[Event "Team 45 45 League T47"]
[Site "Internet Chess Club"]
[Date "2010.11.26"]
[Round "4"]
[White "Dargone"]
[Black "Aquaman"]
[Result "1-0"]
[WhiteElo "1167"]
[BlackElo "1321"]
[Opening "Robatsch (modern) defense"]
[ECO "B06"]
[Time "15:00:28"]
[TimeControl "2700+45"]

1. e4 g6 2. d4 Bg7 3. Nf3 c6 4. Bc4 e6 5. Nbd2 b5 6. Bb3 Ne7 7. O-O O-O 8. Re1
d5 9. c3 Nd7 10. exd5 Nxd5 11. Ne5 Nxe5 12. dxe5 Qc7 13. Nf3 Bb7 14. Qe2 a6 15.
Bxd5 cxd5 16. Bg5 Rac8 17. Rad1 Qc4 18. a3 Qxe2 19. Rxe2 Rce8 20. Nd4 f6 21.
Bxf6 Bxf6 22. exf6 Rxf6 23. Rde1 Kf7 24. f4 Bc8 25. g3 Bd7 26. Nf3 Bc8 27. h4 h6
28. Ne5+ Ke7 29. Ng4 Rff8 30. Nxh6 Kd6 31. Ng4 Ke7 32. Ne5 Kf6 33. Kf2 Kg7 34.
Rh1 Kh6 35. Ng4+ Kh5 36. Re5+ Rf5 37. Rxf5+ exf5 38. Nf6+ {Black resigns} 1-0

[Event "Team 45 45 League T47"]
[Site "Internet Chess Club"]
[Date "2010.11.28"]
[Round "4"]
[White "SCUGrad"]
[Black "OOB1"]
[Result "1-0"]
[WhiteElo "1488"]
[BlackElo "1509"]
[Opening "Sicilian: closed"]
[ECO "B24"]
[Time "21:02:39"]
[TimeControl "2700+45"]

1. e4 c5 2. Nc3 Nc6 3. g3 Nf6 4. Bg2 e5 5. d3 Be7 6. Nge2 a6 7. f4 d6 8. fxe5
Nxe5 9. Nf4 Bd7 10. Ncd5 Nxd5 11. Nxd5 Bg4 12. Qd2 Bf3 13. O-O Bxg2 14. Qxg2 h6
15. Bf4 Ng6 16. Rf3 O-O 17. Raf1 Bg5 18. Bxg5 Qxg5 19. Rf5 Qd8 20. Qf2 Ne5 21.
c3 Nxd3 22. Qf3 Ne5 23. Qf2 Rb8 24. Rd1 Qe8 25. Nf4 Qe7 26. Nh5 Kh8 27. Nf4 g6
28. Nd5 Qe8 29. Rf4 b5 30. Rf6 Ng4 31. Qf4 Nxf6 32. Qxh6+ Nh7 33. Nf6 {Black
resigns} 1-0

[Event "Team 45 45 League T47"]
[Site "Internet Chess Club"]
[Date "2010.11.29"]
[Round "4"]
[White "BaumDeezy"]
[Black "AlPearson"]
[Result "1-0"]
[WhiteElo "1407"]
[BlackElo "1359"]
[Opening "English opening"]
[ECO "A15"]
[Time "09:18:55"]
[TimeControl "2700+45"]

1. c4 Nf6 2. Nf3 g6 3. b4 Bg7 4. Bb2 O-O 5. g3 d6 6. Bg2 e5 7. O-O Nc6 8. b5 Ne7
9. d4 Ne8 10. dxe5 Be6 11. Qc2 Qc8 12. Nbd2 dxe5 13. Bxe5 f5 14. Bxg7 Nxg7 15.
Nd4 f4 16. Nxe6 Nxe6 17. Rad1 g5 18. Bh3 Ng6 19. Bf5 Qe8 20. Qe4 Nd4 21. Bxg6
Qxe4 22. Bxe4 Nxe2+ 23. Kh1 Rab8 24. Bd5+ Kg7 25. Ne4 h6 26. Nc5 Nc3 27. Rd3
Nxd5 28. Rxd5 Rfe8 29. Rd7+ Kf6 30. gxf4 gxf4 31. Rxc7 Rbd8 32. Rd7 Rc8 33. Nxb7
Rxc4 34. Nd6 {Black resigns} 1-0

[Event "Team 45 45 League T47"]
[Site "Internet Chess Club"]
[Date "2010.11.29"]
[Round "4"]
[White "katabatico"]
[Black "AtomicDog"]
[Result "1-0"]
[WhiteElo "1342"]
[BlackElo "1571"]
[Opening "Sicilian: Najdorf, Opocensky variation"]
[ECO "B92"]
[Time "12:00:15"]
[TimeControl "2700+45"]

1. e4 c5 2. Nf3 d6 3. d4 cxd4 4. Nxd4 Nf6 5. Nc3 a6 6. Be2 e5 7. Nb3 Be7 8. O-O
O-O 9. Kh1 b5 10. a3 Bb7 11. Bd3 d5 12. exd5 Nxd5 13. Qh5 Nf6 14. Qxe5 Bd6 15.
Qg5 h6 16. Qh4 g5 17. Qxh6 Bf4 18. Bxf4 gxf4 19. Qxf4 Nh5 20. Qh6 Nf6 21. Rae1
Nbd7 22. Re3 Qc7 23. Rg3+ {Black resigns} 1-0